 Dungeon Crawl Stone Soup version 0.18.1-50-g88ac8fd (webtiles) character file.

4032 Chiseanne the Fighter (level 10, -5/85 (88) HPs)
             Began as a Centaur Air Elementalist on Oct 3, 2016.
             Was an Elder of Vehumet.
             Hit by a tomahawk of returning thrown by an orc warrior (12 damage)
             ... on level 9 of the Dungeon.
             The game lasted 00:37:29 (12791 turns).

Chiseanne the Fighter (Centaur Air Elementalist)   Turns: 12791, Time: 00:37:31

HP:   -5/85 (88)    AC: 11    Str: 12    XL:     10   Next: 4%
MP:   12/15         EV: 10    Int: 17    God:    Vehumet [****..]
Gold: 93            SH:  0    Dex: 11    Spells: 5 memorised, 4 levels left

rFire  + . .     SeeInvis .     a - +2 hand axe (elec)
rCold  . . .     Gourm    .     k - +2 ring mail {rF+}
rNeg   + . .     Faith    .     (no shield)
rPois  .         Spirit   .     P - +0 helmet
rElec  .         Dismiss  .     (no cloak)
rCorr  .         Reflect  .     B - +0 pair of gloves
SustAt .         Harm     .     (no barding)
MR     .....                    E - amulet of regeneration
Stlth  ..........               (no ring)
                                y - ring of positive energy

@: very quick, not resistant to hostile enchantments, extremely unstealthy
A: hooves 3, agile 1, deformed body, speed 2, tough skin 3
a: Renounce Religion


You were on level 9 of the Dungeon.
You worshipped Vehumet.
Vehumet was greatly pleased with you.
You were not hungry.

You visited 1 branch of the dungeon, and saw 9 of its levels.

You collected 403 gold pieces.
You spent 310 gold pieces at shops.

Inventory:

Hand Weapons
 a - a +2 hand axe of electrocution (weapon)
 s - the +6 trident of Glory {antimagic, Dex+4 SInv}
   (You found it on level 7 of the Dungeon)

   It disrupts the flow of magical energy around spellcasters and certain
   magical creatures (including the wielder).
   It affects your dexterity (+4).
   It lets you see invisible.
 w - a +0 hunting sling
Missiles
 h - 89 sling bullets
 j - 282 stones (quivered)
 p - 41 arrows
 q - 62 bolts
 v - 3 javelins
 H - 2 javelins of returning
 M - 2 tomahawks
Armour
 k - a +2 ring mail of fire resistance (worn)
 B - a +0 pair of gloves (worn)
 I - the +0 robe of Xosuawk {+Inv rElec rN++ Dex-3}
   (You found it on level 5 of the Dungeon)

   It affects your dexterity (-3).
   It insulates you from electricity.
   It greatly protects you from negative energy.
   It lets you turn invisible.
 P - a +0 helmet (worn)
Jewellery
 y - a ring of positive energy (left hand)
 C - an uncursed ring of fire
 E - an amulet of regeneration (around neck)
Wands
 d - a wand of confusion (24/48)
 J - a wand of random effects (10/48)
Scrolls
 e - a scroll of recharging
 f - 3 scrolls of blinking
 l - 3 scrolls of remove curse
 x - 2 scrolls of magic mapping
 z - a scroll of teleportation
 A - a scroll of amnesia
 N - a scroll of fear
 O - 7 scrolls of identify
Potions
 i - 3 potions of heal wounds
 n - a potion of resistance {unknown}
 o - 2 potions of curing
 t - a potion of magic
 D - 2 potions of cure mutation
 F - 2 potions of flight
 K - a potion of brilliance
Books
 b - a book of Air

   Spells                             Type                      Level
   a - Shock                          Conjuration/Air              1
   b - Swiftness                      Charms/Air                   2
   c - Repel Missiles                 Charms/Air                   2
   d - Static Discharge               Conjuration/Air              3
   e - Lightning Bolt                 Conjuration/Air              5
 G - a book of the Earth

   Spells                             Type                      Level
   a - Leda's Liquefaction            Hexes/Earth                  4
   b - Bolt of Magma                  Conjuration/Fire/Earth       5
   c - Statue Form                    Transmutation/Earth          6
   d - Iron Shot                      Conjuration/Earth            6
   e - Shatter                        Earth                        9
Comestibles
 c - 4 bread rations
 g - 7 meat rations
 m - 8 fruits
 r - a slice of pizza
 u - 6 beef jerkies
 L - 10 royal jellies
 Q - 4 chunks of flesh


   Skills:
 * Level 8.1 Fighting
 * Level 5.8 Armour
 - Level 5.5 Dodging
 - Level 1.2 Stealth
 * Level 3.9 Spellcasting
 * Level 2.9 Conjurations
 - Level 2.6 Air Magic


You had 4 spell levels left.
You knew the following spells:

 Your Spells              Type           Power        Failure   Level  Hunger
a - Shock                 Conj/Air       ##..         3%          1    None
b - Repel Missiles        Chrm/Air       #.....       34%         2    ##.....
c - Stone Arrow           Conj/Erth      #.....       24%         3    ###....
d - Static Discharge      Conj/Air       ##......     10%         3    ###....
e - Inner Flame           Hex/Fire       #.......     50%         3    ###....


Dungeon Overview and Level Annotations

Branches:
Dungeon (9/15)             Temple (0/1) D:7            Lair (0/8) D:9
    Orc: D:9-12

Altars:
Ashenzari
Cheibriados
Dithmenos
Elyvilon
Fedhas
Gozag
Kikubaaqudgha
Nemelex Xobeh
Qazlal
Ru
Sif Muna
Vehumet
Xom
Yredelemnul
Zin
The Shining One
Beogh

Shops:
D:7 !   D:9 *

Annotations:
D:3 Iflex's ghost, amateur MfGl


Innate Abilities, Weirdness & Mutations

You have hooves in place of feet.
Armour fits poorly on your strangely shaped body.
You cover ground very quickly.
You have extremely tough skin (AC +3).
You are agile. (Dex +2)


Message History

a hand axe; a leather armour; an orc corpse x2
The orc warrior throws a tomahawk of returning.
The tomahawk of returning hits you!
* * * LOW HITPOINT WARNING * * *
The weapon returns to the orc warrior!
You see here a tomahawk of returning.
Casting: Shock
Confirm with . or Enter, or press ? or * to list all spells.
Aiming: Shock
Press: ? - help, Shift-Dir - straight line, f/p - orc warrior
Aim: an orc warrior, wielding a trident and wearing a plate armour (severely wounded)
The zap hits the orc warrior.
The orc warrior is severely wounded.
The orc warrior throws a tomahawk of returning.
The tomahawk of returning hits you.
* * * LOW HITPOINT WARNING * * *
The weapon returns to the orc warrior!
The orc warrior throws a tomahawk of returning.
The tomahawk of returning hits you!
You die...

#.........###.#o...
#.............8oo⌠.
#.#########o..oooo. #.# #o#
#######.# #o# ........# #)#
#######.# #)#
#.#########(###############
#.........@................
#.#######......<..######### #.#
#.........# #.# #.........# #.#
#.........# #######.#
#..)......######### ........#
#.÷................
.######.#######.........#########
.# #.................#


You could see an orc warrior and 2 orcs.

Vanquished Creatures
  Eustachio (D:5)
  2 hippogriffs
  A hungry ghost (D:8)
  2 soldier ants (D:8)
  4 orc warriors
  2 necrophages (D:8)
  2 ice beasts
  A phantom (D:9)
  A wasp (D:8)
  2 ogres (D:8)
  2 centaurs
  3 giant frogs
  A wyvern zombie (D:7)
  A water moccasin skeleton (D:4)
  A howler monkey (D:6)
  4 crimson imps
  A giant frog zombie (D:7)
  A giant frog skeleton (D:6)
  5 orc priests
  7 hounds
  12 orc wizards
  5 iguanas
  10 worker ants
  Natasha (D:3)
  2 killer bee zombies (D:5)
  A hound zombie (D:8)
  A hound skeleton (D:7)
  A worker ant zombie (D:8)
  Robin (D:1)
  4 gnolls (D:5)
  4 adders
  2 shadow imps
  2 oozes
  An adder zombie (D:7)
  An adder skeleton (D:9)
  2 worms
  2 dart slugs
  5 giant geckos
  52 orcs
  2 ball pythons
  6 bats (D:2)
  3 giant cockroaches
  12 goblins
  4 hobgoblins (D:2)
  2 jackals (D:6)
  6 quokkas
  A giant gecko zombie (D:5)
  3 giant newts
  5 kobolds
  6 rats
203 creatures vanquished.

Vanquished Creatures (others)
  A giant frog (D:8)
1 creature vanquished.

Grand Total: 204 creatures vanquished

Notes
Turn   | Place    | Note
--------------------------------------------------------------
     0 | D:1      | Chiseanne the Centaur Air Elementalist began the quest for the Orb.
     0 | D:1      | Reached XP level 1. HP: 14/14 MP: 3/3
   525 | D:1      | Found a shattered altar of Ashenzari.
   767 | D:2      | Reached XP level 2. HP: 20/20 MP: 1/5
   769 | D:2      | Noticed Robin
   976 | D:1      | Killed Robin
  1045 | D:2      | Reached XP level 3. HP: 27/27 MP: 1/6
  1167 | D:2      | Found an ancient bone altar of Kikubaaqudgha.
  1372 | D:2      | Learned a level 2 spell: Repel Missiles
  1376 | D:2      | Learned a level 3 spell: Static Discharge
  1430 | D:2      | Reached skill level 1 in Fighting
  2536 | D:2      | Found a radiant altar of Vehumet.
  2543 | D:2      | Found a deep blue altar of Sif Muna.
  2549 | D:2      | Identified Kikubaaqudgha's Almanac of the Exiled Seas
  2561 | D:2      | Became a worshipper of Vehumet
  2683 | D:3      | Reached XP level 4. HP: 32/35 MP: 0/7
  2850 | D:3      | Found a blossoming altar of Fedhas.
  2856 | D:3      | Found a stormy altar of Qazlal.
  2905 | D:3      | Noticed Iflex's ghost (amateur MfGl)
  3519 | D:3      | Found a snail-covered altar of Cheibriados.
  3670 | D:3      | Reached skill level 2 in Fighting
  3853 | D:4      | Noticed Natasha
  3874 | D:3      | Killed Natasha
  3874 | D:3      | Reached XP level 5. HP: 31/41 MP: 0/9
  4056 | D:4      | Reached skill level 1 in Armour
  4593 | D:4      | Found a sacrificial altar of Ru.
  4782 | D:4      | Found a sparkling altar of Nemelex Xobeh.
  4787 | D:4      | Found a basalt altar of Yredelemnul.
  4800 | D:4      | Found a glowing golden altar of the Shining One.
  4851 | D:4      | Reached XP level 6. HP: 38/50 MP: 10/10
  4926 | D:5      | Entered Level 5 of the Dungeon
  4967 | D:5      | Noticed Eustachio
  4976 | D:5      | Killed Eustachio
  4976 | D:5      | Reached skill level 3 in Fighting
  5211 | D:5      | Reached * piety under Vehumet
  5211 | D:5      | Offered knowledge of Sting by Vehumet.
  5340 | D:5      | Reached XP level 7. HP: 58/58 MP: 11/11
  5641 | D:5      | Reached skill level 4 in Fighting
  6169 | D:5      | Got a creamy pearl robe
  6242 | D:5      | Identified the +0 robe of Xosuawk {+Inv rElec rN++ Dex-3} (You found it on level 5 of the Dungeon)
  6964 | D:6      | Found a shadowy altar of Dithmenos.
  6965 | D:6      | Found a shimmering altar of Xom.
  6982 | D:6      | Found a white marble altar of Elyvilon.
  7470 | D:6      | Reached ** piety under Vehumet
  7562 | D:6      | Found an opulent altar of Gozag.
  7563 | D:6      | Found a glowing silver altar of Zin.
  7888 | D:7      | Offered knowledge of Sandblast by Vehumet.
  7893 | D:7      | Reached XP level 8. HP: 63/67 MP: 1/12
  8002 | D:7      | Reached skill level 5 in Fighting
  8108 | D:7      | Found a deep blue altar of Sif Muna.
  8194 | D:7      | Found a staircase to the Ecumenical Temple.
  8548 | D:7      | Got a pitted trident
  8549 | D:7      | Identified the +6 trident of Glory {antimagic, Dex+4 SInv} (You found it on level 7 of the Dungeon)
  8966 | D:7      | Reached skill level 6 in Fighting
  9107 | D:7      | Found Feseishra's Distillery.
  9110 | D:7      | Bought a potion of magic for 104 gold pieces
  9110 | D:7      | Bought a potion of flight for 39 gold pieces
  9110 | D:7      | Bought a potion of brilliance for 52 gold pieces
  9110 | D:7      | Bought a potion of might for 52 gold pieces
  9110 | D:7      | Bought a potion of degeneration for 13 gold pieces
  9113 | D:7      | Gained mutation: You are agile. (Dex +2) [potion of beneficial mutation]
  9332 | D:8      | Offered knowledge of Stone Arrow by Vehumet.
  9472 | D:7      | Learned a level 3 spell: Stone Arrow
  9738 | D:8      | Reached skill level 5 in Dodging
  9784 | D:8      | Reached *** piety under Vehumet
  9784 | D:8      | Reached XP level 9. HP: 73/78 MP: 2/13
 10467 | D:8      | Reached skill level 7 in Fighting
 10598 | D:8      | Reached skill level 5 in Armour
 10642 | D:8      | Paralysed by a wasp for 1 turns
 10666 | D:8      | HP: 3/76 [poisoned by a wasp]
 10672 | D:8      | HP: 3/76 [poisoned by a wasp]
 10927 | D:8      | Offered knowledge of Inner Flame by Vehumet.
 10952 | D:8      | Learned a level 3 spell: Inner Flame
 10963 | D:8      | Reached skill level 1 in Conjurations
 11939 | D:9      | Found a staircase to the Lair.
 11961 | D:9      | Found Oginacox's Assorted Antiques.
 11964 | D:9      | Bought a scroll of identify for 50 gold pieces
 12487 | D:9      | Reached **** piety under Vehumet
 12487 | D:9      | Reached skill level 8 in Fighting
 12499 | D:9      | Reached XP level 10. HP: 38/85 MP: 2/15
 12759 | D:9      | Found a roughly hewn altar of Beogh.
 12791 | D:9      | Hit by a tomahawk of returning thrown by an orc warrior

Skill      XL: |  1  2  3  4  5  6  7  8  9 |
---------------+----------------------------+-----
Spellcasting   | 2 3 |  3.9
Fighting       | 1 2 3 4 6 8 |  8.1
Dodging        | 2 3 5 |  5.5
Armour         | 1 2 3 4 5 |  5.8
Conjurations   | 2 |  2.9
Stealth        | |  1.2
Air Magic      | |  2.6

Action                   |  1- 3 |  4- 6 |  7- 9 | 10-12 || total
-------------------------+-------+-------+-------+-------++-------
Melee: Mace              |    44 |       |       |       ||    44
       Kick              |     8 |    26 |    66 |     6 ||   106
       Unarmed           |     1 |       |       |       ||     1
       Dagger            |    17 |   145 |   126 |       ||   288
       Short sword       |       |       |   189 |       ||   189
       Hand axe          |       |       |    53 |    20 ||    73
 Fire: Hunting sling     |       |     3 |    35 |       ||    38
 Cast: Shock             |    78 |    88 |   415 |    14 ||   595
       Repel Missiles    |       |       |     2 |       ||     2
Evoke: Wand              |       |       |     4 |       ||     4
  Use: Scroll            |     9 |     4 |     6 |       ||    19
       Potion            |     1 |     3 |     3 |       ||     7
  Eat: Chunk             |     7 |     9 |    22 |     1 ||    39
       Fruit             |       |       |     1 |       ||     1
Armor: Robe              |    38 |       |       |       ||    38
       Ring mail         |       |    64 |   268 |     7 ||   339
Dodge: Dodged            |    49 |    43 |   265 |    12 ||   369
       Deflected         |       |       |     1 |     2 ||     3
